PA
NEBRASKA PLAINSMEN @ IDAHO FALLS CHUKARS
06/24/2021
 
TOP OF THE 1ST
Nebraska Plainsmen batting - Pitching for Idaho Falls Chukars : RHP Pedro Espinoza
Pitching: RHP Pedro Espinoza
Batting: RHB Bartolo Benítez 0-0: SINGLE (Groundball, 23) (infield hit)
Batting: RHB Dani Trejo 0-0: Ball
1-0: Ball
Bartolo Benítez is caught stealing 2nd base
2-0: Ball
3-0: Fly out, F7 (Flyball, 7M)
Batting: LHB Gustavo Cortéz 0-0: Ball
1-0: Called Strike
1-1: Foul Ball, location: 2F
1-2: Foul Ball, location: 2F
1-2: Foul Ball, location: 2F
1-2: Ball
2-2: Foul Ball, location: 2F
2-2: Strikes out swinging
Top of the 1st over - 0 run(s), 1 hit(s), 0 error(s), 0 left on base; Nebraska 0 - Idaho Falls 0
BOTTOM OF THE 1ST
Idaho Falls Chukars batting - Pitching for Nebraska Plainsmen : RHP Frank Glass
Pitching: RHP Frank Glass
Batting: RHB Ramiro Gonzáles 0-0: Fly out, F8 (Flyball, 8RD)
Batting: RHB Enrique Martínez 0-0: Foul Ball, location: 2F
0-1: Ground out 6-3 (Groundball, 6M)
Batting: RHB Trent Burch 0-0: Called Strike
0-1: Foul Ball, location: 2F
0-2: Foul Ball, location: 2F
0-2: Ball
1-2: Ball
2-2: Ground out 1-3 (Groundball, 15)
Bottom of the 1st over - 0 run(s), 0 hit(s), 0 error(s), 0 left on base; Nebraska 0 - Idaho Falls 0
TOP OF THE 2ND
Nebraska Plainsmen batting - Pitching for Idaho Falls Chukars : RHP Pedro Espinoza
Batting: RHB Luis Aragón 0-0: Ball
1-0: Ball
2-0: Ball
3-0: Base on Balls
Batting: RHB Ron Doyle 0-0: Ball
1-0: SINGLE (Groundball, 4)
Luis Aragón to second
Runner from 2nd tries for 3rd, SAFE, no throw or cutoff
Batting: SHB José Macías 0-0: Ball
1-0: Called Strike
1-1: Ball
2-1: SINGLE (Line Drive, 8LS)
Luis Aragón scores
Ron Doyle to second
Runner from 2nd tries for 3rd, SAFE, throw made to third
Batting: RHB Manny Rodríguez 0-0: Ball
1-0: Grounds into double play, 6-4-3 (Groundball, 6M)
Ron Doyle scores
Batting: LHB Pedro Gutiérrez 0-0: Called Strike
0-1: Ball
1-1: Ball
2-1: Ball
3-1: Base on Balls
Batting: RHB Young-hwan Hyon 0-0: Called Strike
Pedro Gutiérrez steals 2nd base
0-1: Ball
1-1: Fly out, F7 (Flyball, 7LM)
Top of the 2nd over - 2 run(s), 2 hit(s), 0 error(s), 1 left on base; Nebraska 2 - Idaho Falls 0
BOTTOM OF THE 2ND
Idaho Falls Chukars batting - Pitching for Nebraska Plainsmen : RHP Frank Glass
Batting: RHB Jung-hwan Kwon 0-0: Called Strike
0-1: Called Strike
0-2: Ball
1-2: Ball
2-2: Foul Ball, location: 2F
2-2: Ball
3-2: Strikes out swinging
Batting: RHB Adrian Rodgers 0-0: Called Strike
0-1: Ball
1-1: Swinging Strike
1-2: Fly out, F8 (Flyball, 8RM)
Batting: LHB Sean Angwin 0-0: Ball
1-0: Ball
2-0: Called Strike
2-1: Called Strike
2-2: SINGLE (Line Drive, 4MD)
Batting: LHB Ramón Félix 0-0: Foul Ball, location: 2F
0-1: SINGLE (Flyball, 89M)
Sean Angwin to second
Batting: LHB Armando Peña 0-0: Called Strike
0-1: Fly out, F6 (Line Drive, 6M)
Bottom of the 2nd over - 0 run(s), 2 hit(s), 0 error(s), 2 left on base; Nebraska 2 - Idaho Falls 0
TOP OF THE 3RD
Nebraska Plainsmen batting - Pitching for Idaho Falls Chukars : RHP Pedro Espinoza
Batting: RHB Bartolo Benítez 0-0: Called Strike
0-1: Ball
1-1: SINGLE (Line Drive, 3L)
Batting: RHB Dani Trejo 0-0: Fielders Choice at 2nd, 5-4 (Groundball, 5L)
Batting: LHB Gustavo Cortéz 0-0: Called Strike
0-1: Called Strike
0-2: Ball
1-2: Ball
2-2: Foul Ball, location: 2F
2-2: Ball
3-2: Strikes out swinging
Batting: RHB Luis Aragón 0-0: Ball
1-0: Foul Ball, location: 2F
1-1: Called Strike
Dani Trejo steals 2nd base
1-2: Strikes out looking
Top of the 3rd over - 0 run(s), 1 hit(s), 0 error(s), 1 left on base; Nebraska 2 - Idaho Falls 0
BOTTOM OF THE 3RD
Idaho Falls Chukars batting - Pitching for Nebraska Plainsmen : RHP Frank Glass
Batting: RHB Carlos López 0-0: Ball
1-0: Ball
2-0: Ball
3-0: Base on Balls
Batting: RHB Ramiro Gonzáles 0-0: Ball
1-0: Ball
2-0: Ball
3-0: Base on Balls
Carlos López to second
Batting: RHB Enrique Martínez 0-0: Fly out, F9 (Flyball, 89S)
Batting: RHB Trent Burch 0-0: Ball
1-0: SINGLE (Line Drive, 9S)
Carlos López to third
Ramiro Gonzáles to second
Batting: RHB Jung-hwan Kwon 0-0: Grounds into double play, 6-4-3 (Groundball, 6)
Bottom of the 3rd over - 0 run(s), 1 hit(s), 0 error(s), 2 left on base; Nebraska 2 - Idaho Falls 0
TOP OF THE 4TH
Nebraska Plainsmen batting - Pitching for Idaho Falls Chukars : RHP Pedro Espinoza
Batting: RHB Ron Doyle 0-0: Ball
1-0: Swinging Strike
1-1: Foul Ball, location: 2F
1-2: Strikes out swinging
Batting: SHB José Macías 0-0: Called Strike
0-1: Foul Ball, location: 2F
0-2: Ball
1-2: Foul Ball, location: 2F
1-2: Strikes out swinging
Batting: RHB Manny Rodríguez 0-0: Ground out 6-3 (Groundball, 6)
Top of the 4th over - 0 run(s), 0 hit(s), 0 error(s), 0 left on base; Nebraska 2 - Idaho Falls 0
BOTTOM OF THE 4TH
Idaho Falls Chukars batting - Pitching for Nebraska Plainsmen : RHP Frank Glass
Batting: RHB Adrian Rodgers 0-0: Swinging Strike
0-1: Called Strike
0-2: Ground out 5-3 (Groundball, 56S)
Batting: LHB Sean Angwin 0-0: Called Strike
0-1: Swinging Strike
0-2: Fly out, F7 (Flyball, 7M)
Batting: LHB Ramón Félix 0-0: Ball
1-0: Ball
2-0: Fly out, F8 (Popup, 8LS)
Bottom of the 4th over - 0 run(s), 0 hit(s), 0 error(s), 0 left on base; Nebraska 2 - Idaho Falls 0
TOP OF THE 5TH
Nebraska Plainsmen batting - Pitching for Idaho Falls Chukars : RHP Pedro Espinoza
Batting: LHB Pedro Gutiérrez 0-0: Ball
1-0: Ground out 4-3 (Groundball, 34S)
Batting: RHB Young-hwan Hyon 0-0: SINGLE (Groundball, 5L)
Batting: RHB Bartolo Benítez 0-0: Swinging Strike
0-1: Ball
1-1: Fielders Choice at 2nd, 3-6 (Groundball, 34)
Batting: RHB Dani Trejo 0-0: Ball
Bartolo Benítez steals 2nd base
1-0: Ball
2-0: Ground out 6-3 (Groundball, 6S)
Top of the 5th over - 0 run(s), 1 hit(s), 0 error(s), 1 left on base; Nebraska 2 - Idaho Falls 0
BOTTOM OF THE 5TH
Idaho Falls Chukars batting - Pitching for Nebraska Plainsmen : RHP Frank Glass
Batting: LHB Armando Peña 0-0: Foul Ball, location: 2F
0-1: Fly out, F8 (Flyball, 8RM)
Batting: RHB Carlos López 0-0: Called Strike
0-1: SOLO HOME RUN (Flyball, 9LD), Distance : 376 ft
Batting: RHB Ramiro Gonzáles 0-0: Called Strike
0-1: Called Strike
0-2: Fly out, F8 (Flyball, 8LM)
Batting: RHB Enrique Martínez 0-0: Called Strike
0-1: Ground out 6-3 (Groundball, 6)
Bottom of the 5th over - 1 run(s), 1 hit(s), 0 error(s), 0 left on base; Nebraska 2 - Idaho Falls 1
TOP OF THE 6TH
Nebraska Plainsmen batting - Pitching for Idaho Falls Chukars : RHP Pedro Espinoza
Batting: LHB Gustavo Cortéz 0-0: Ball
1-0: Foul Ball, location: 2F
1-1: Ball
2-1: Foul Ball, location: 2F
2-2: Strikes out swinging
Batting: RHB Luis Aragón 0-0: Ball
1-0: Ball
2-0: Ball
3-0: Called Strike
3-1: Foul Ball, location: 2F
3-2: Strikes out swinging
Batting: RHB Ron Doyle 0-0: Called Strike
0-1: Ball
1-1: SINGLE (Line Drive, 56D)
Batting: SHB José Macías 0-0: Ball
1-0: Foul Ball, location: 2F
1-1: Swinging Strike
1-2: Strikes out swinging
Top of the 6th over - 0 run(s), 1 hit(s), 0 error(s), 1 left on base; Nebraska 2 - Idaho Falls 1
BOTTOM OF THE 6TH
Idaho Falls Chukars batting - Pitching for Nebraska Plainsmen : RHP Frank Glass
Batting: RHB Trent Burch 0-0: Ball
1-0: Called Strike
1-1: Ball
2-1: Foul Ball, location: 2F
2-2: Strikes out swinging
Batting: RHB Jung-hwan Kwon 0-0: Called Strike
0-1: Foul Ball, location: 2F
0-2: Strikes out swinging
Batting: RHB Adrian Rodgers 0-0: Ball
1-0: Ball
2-0: Called Strike
2-1: Called Strike
2-2: DOUBLE (Line Drive, 9LM)
Batting: LHB Sean Angwin 0-0: Foul Ball, location: 2F
0-1: Ball
1-1: Swinging Strike
1-2: Ball
2-2: Foul Ball, location: 2F
2-2: Ball
3-2: Foul Ball, location: 2F
3-2: SINGLE (Groundball, 2L) (infield hit)
Adrian Rodgers to third
Batting: LHB Ramón Félix 0-0: Called Strike
0-1: Ball
1-1: Ball
2-1: Ball
3-1: Swinging Strike
3-2: Base on Balls
Sean Angwin to second
Batting: LHB Armando Peña 0-0: Swinging Strike
0-1: Ground out 5-3 (Groundball, 5S)
Bottom of the 6th over - 0 run(s), 2 hit(s), 0 error(s), 3 left on base; Nebraska 2 - Idaho Falls 1
TOP OF THE 7TH
Nebraska Plainsmen batting - Pitching for Idaho Falls Chukars : RHP Pedro Espinoza
Batting: RHB Manny Rodríguez 0-0: Called Strike
0-1: Swinging Strike
0-2: Foul Ball, location: 2F
0-2: Strikes out swinging
Batting: LHB Pedro Gutiérrez 0-0: DOUBLE (Line Drive, 9M)
Pinch Hitting: LHB Jim Unknown 0-0: Intentional Walk
Pinch Hitting: RHB Mike Thompson 0-0: Called Strike
0-1: Ball
1-1: Foul Ball, location: 2F
1-2: Reached on error, E3 (Groundball, 3S)
Pedro Gutiérrez to third
Jim Unknown to second
Batting: RHB Dani Trejo 0-0: Grounds into double play, 4-6-3 (Groundball, 4)
Top of the 7th over - 0 run(s), 1 hit(s), 1 error(s), 2 left on base; Nebraska 2 - Idaho Falls 1
BOTTOM OF THE 7TH
Idaho Falls Chukars batting - Pitching for Nebraska Plainsmen : RHP Frank Glass
Now at 2B: Andrés Rico
Now at SS: Jorge Miranda
Batting: RHB Carlos López 0-0: Fly out, F3 (Popup, 3DF)
Batting: RHB Ramiro Gonzáles 0-0: Called Strike
0-1: Ball
1-1: Foul Ball, location: 2F
1-2: Ball
2-2: Ball
3-2: Foul Ball, location: 2F
3-2: Foul Ball, location: 2F
3-2: Strikes out looking
Batting: RHB Enrique Martínez 0-0: Ground out 6-3 (Groundball, 6)
Bottom of the 7th over - 0 run(s), 0 hit(s), 0 error(s), 0 left on base; Nebraska 2 - Idaho Falls 1
TOP OF THE 8TH
Nebraska Plainsmen batting - Pitching for Idaho Falls Chukars : RHP Pedro Espinoza
Batting: LHB Gustavo Cortéz 0-0: Ball
1-0: SINGLE (Groundball, 34D)
Batting: RHB Luis Aragón 0-0: Called Strike
0-1: Fly out, F9 (Flyball, 9M)
Batting: RHB Ron Doyle 0-0: Fly out, F1 (Popup, 13)
Batting: SHB José Macías 0-0: Called Strike
0-1: Foul Ball, location: 2F
0-2: Strikes out swinging
Top of the 8th over - 0 run(s), 1 hit(s), 0 error(s), 1 left on base; Nebraska 2 - Idaho Falls 1
BOTTOM OF THE 8TH
Idaho Falls Chukars batting - Pitching for Nebraska Plainsmen : RHP Frank Glass
Pitching: LHP Evan Koopman
Now at C: Juan Suárez
Batting: RHB Trent Burch 0-0: Called Strike
0-1: SINGLE (Groundball, 56D)
Pitching: RHP Martín Flores
Pinch Hitting: RHB Jim Unknown 0-0: Ball
1-0: Foul Ball, location: 2F
1-1: Called Strike
1-2: SINGLE (Groundball, 5D)
Trent Burch to second
Batting: RHB Adrian Rodgers 0-0: Ground out 5-3 (Groundball, 5S)
Trent Burch to third
Jim Unknown to second
Batting: LHB Sean Angwin 0-0: Ball
1-0: Ground out 4-3 (Groundball, 34)
Batting: LHB Ramón Félix 0-0: Ball
1-0: Ball
2-0: Ball
3-0: Called Strike
3-1: Base on Balls
Pinch Hitting: SHB Jim Unknown 0-0: Ball
1-0: Called Strike
1-1: Ball
2-1: Foul Ball, location: 2F
2-2: Ball
3-2: Ground out 1-3 (Groundball, 15)
Bottom of the 8th over - 0 run(s), 2 hit(s), 0 error(s), 3 left on base; Nebraska 2 - Idaho Falls 1
TOP OF THE 9TH
Nebraska Plainsmen batting - Pitching for Idaho Falls Chukars : RHP Pedro Espinoza
Now at 2B: Jim Unknown
Now in LF: Jim Unknown
Batting: RHB Manny Rodríguez 0-0: Ground out 4-3 (Groundball, 34)
Batting: LHB Pedro Gutiérrez 0-0: SINGLE (Flyball, 7S)
Pinch Hitting: RHB Miguel Gómez 0-0: Foul Ball, location: 2F
0-1: Ball
1-1: Grounds into double play, 5-4-3 (Groundball, 56)
Top of the 9th over - 0 run(s), 1 hit(s), 0 error(s), 0 left on base; Nebraska 2 - Idaho Falls 1
BOTTOM OF THE 9TH
Idaho Falls Chukars batting - Pitching for Nebraska Plainsmen : RHP Martín Flores
Pitching: RHP José Juárez
Now at 3B: Thom Marshall
Batting: RHB Carlos López 0-0: Ball
1-0: Called Strike
1-1: Called Strike
1-2: Ball
2-2: Strikes out looking
Batting: RHB Ramiro Gonzáles 0-0: Ball
1-0: Called Strike
1-1: Called Strike
1-2: Strikes out looking
Batting: RHB Enrique Martínez 0-0: Swinging Strike
0-1: Ball
1-1: Ground out 5-3 (Groundball, 56)
Bottom of the 9th over - 0 run(s), 0 hit(s), 0 error(s), 0 left on base; Nebraska 2 - Idaho Falls 1
This league is powered by Out of the Park Baseball, the baseball management simulation game for PC, Mac and Linux
Friday, January 22nd, 2016 - OOTP Baseball 16.9 Build 39